 Dungeon Crawl Stone Soup version 0.21-a0-128-gf2b353c (webtiles) character file.

49 tehllama the Digger (level 3, -3/19 HPs)
             Began as a Gargoyle Earth Elementalist on July 16, 2017.
             Slain by a worm (7 damage)
             ... on level 2 of the Dungeon.
             The game lasted 00:04:16 (1299 turns).

tehllama the Digger (Gargoyle Earth Elementalist)   Turns: 1299, Time: 00:04:17

Health: -3/19      AC:  7    Str: 11    XL:     3   Next: 77%
Magic:  7/7        EV: 12    Int: 16    God:
Gold:   57         SH:  0    Dex: 10    Spells: 3/7 levels left

rFire    + . .     SeeInvis .   g - +0 club
rCold    x . .     Gourm    .   (no shield)
rNeg     + . .     Faith    .   c - +0 robe
rPois    ∞         Spirit   .   (no helmet)
rElec    +         Reflect  .   (no cloak)
rCorr    .         Harm     .   (no gloves)
MR       .....                  (no boots)
Stlth    ++........             (no amulet)
HPRegen  0.06/turn              a - +2 ring of protection
MPRegen  0.10/turn              k - ring of fire

@: no status effects
A: negative energy resistance 1, electricity resistance, unbreathing,
petrification resistance, rot immunity, AC +3
a: no special abilities


You were on level 2 of the Dungeon.
You were not hungry.

You visited 1 branch of the dungeon, and saw 2 of its levels.

You collected 57 gold pieces.

Inventory:

Hand Weapons
 g - a +0 club (weapon)
Missiles
 b - 39 stones (quivered)
Armour
 c - a +0 robe (worn)
Jewellery
 a - a +2 ring of protection (left hand)
 k - a ring of fire (right hand)
Scrolls
 j - a scroll of immolation
 n - a scroll of amnesia {unknown}
Potions
 h - a potion of haste {unknown}
 m - a potion of curing {unknown}
Books
 e - a book of Geomancy

   Spells                             Type                      Level
   a - Sandblast                      Earth                        1
   b - Passwall                       Transmutation/Earth          2
   c - Stone Arrow                    Conjuration/Earth            3
   d - Petrify                        Transmutation/Earth          4
   e - Lee's Rapid Deconstruction     Earth                        5
Comestibles
 d - 2 bread rations
 f - 2 chunks of flesh
 i - 2 meat rations
 l - a royal jelly


   Skills:
 - Level 1.5 Dodging
 - Level 2.1 Stealth
 + Level 2.9 Spellcasting
   Level 0.7 Transmutations
 + Level 4.7 Earth Magic


You had 3 spell levels left.
You knew the following spells:

 Your Spells              Type           Power        Failure   Level  Hunger
a - Sandblast             Erth           ###...       2%          1    #......
b - Stone Arrow           Conj/Erth      #.....       22%         3    ###....


Dungeon Overview and Level Annotations

Branches:
Dungeon (2/15)

Altars:


Innate Abilities, Weirdness & Mutations

You are resistant to torment.
Your stone body is resilient. (AC +3)
You are immune to poison.
You resist negative energy. (rN+)
You are resistant to electric shocks. (rElec)
You can survive without breathing.
You are immune to petrification.
You are immune to rotting.


Message History

The rat is severely wounded.
The rat bites you.
You hit the rat.
You kill the rat!
You now have 57 gold pieces (gained 7).
Eat one of 3 chunks of flesh? (ye/n/q)
You eat one of the 3 chunks of flesh.
This raw flesh tastes terrible.
d - 2 bread rations (gained 1)
You open the door.
A worm comes into view.
There is an open door here.
You hit the worm but do no damage. The worm bites you.
You hit the worm.
The worm is lightly wounded.
The worm bites you!
* * * LOW HITPOINT WARNING * * *
You barely miss the worm.
The worm is lightly wounded.
The worm bites you!
You die...

####...............##..
###......#..###.#
#......#..###.##..
#................#
#......#..###.....
##...###..###.##.#
#................
#######....##..###.##.#
#....w@................
#######....##).###.##.#
####.##..# #.##.#
.##..# #..... .##..#
#.##.# #..# #.#### #...
### #..#


You could see a worm.

Vanquished Creatures
  An adder (D:2)
  An ooze (D:1)
  A dart slug (D:1)
  A leopard gecko (D:1)
  2 giant cockroaches
  A goblin (D:1)
  8 hobgoblins (D:1)
  6 bats
  2 frilled lizards (D:1)
  6 kobolds (D:1)
  3 rats
32 creatures vanquished.

Notes
Turn   | Place    | Note
-------+----------+-------------------------------------------
     0 | D:1      | tehllama the Gargoyle Earth Elementalist began the quest for the Orb.
     0 | D:1      | Reached XP level 1. HP: 10/10 MP: 3/3
   245 | D:1      | Reached skill level 4 in Earth Magic
   245 | D:1      | Reached XP level 2. HP: 14/15 MP: 5/5
   554 | D:1      | Reached XP level 3. HP: 11/19 MP: 4/6
   677 | D:1      | Learned a level 3 spell: Stone Arrow
  1299 | D:2      | Slain by a worm

Vault maps used:
D:1:      kennysheep_arrival_seaside
D:2:      first_bread, chequers_ecumenical_altar_twisty, supply_closet_lemuel

Skill      XL: |  1 |
---------------+----+-----
Earth Magic    | 4 |  4.7
Dodging        | |  1.5
Stealth        | |  2.1
Spellcasting   | |  2.9
Transmutations | |  0.7

Action                   || total
-------------------------++-------
Melee: Club              ||   127
       Unarmed           ||     8
 Cast: Sandblast         ||    17
  Use: Scroll            ||     4
  Eat: Chunk             ||     2
Armor: Robe              ||    69
Dodge: Dodged            ||   122
